 Dungeon Sprint DCSS version 0.29-a0-870-g2c972031a6 (webtiles) character file.

Game seed: 7782508903967077481

25183 mhtbhm the Bludgeoner (level 13, -14/144 HPs)
             Began as a Gargoyle Fighter on July 17, 2022.
             Was the Champion of Okawaru.
             Demolished by Kirke (16 damage)
             ... in the Dungeon (Sprint IX: "|||||||||||||||||||||||||||||").
             The game lasted 00:07:54 (4811 turns).

mhtbhm the Bludgeoner (Gargoyle Fighter)            Turns: 4811, Time: 00:07:55

Health: -14/144    AC:  0    Str: 24    XL:     13   Next: 17%
Magic:  25/25      EV: 15    Int: 10    God:    Okawaru [******]
Gold:   15         SH:  0    Dex:  9    Spells: 12/12 levels left

rFire   . . .      SeeInvis .   (weapon currently unavailable)
rCold   . . .      Faith    .   (shield currently unavailable)
rNeg    + . .      Spirit   .   (body armour currently unavailable)
rPois   ∞          Reflect  .   (helmet currently unavailable)
rElec   .          Harm     .   (cloak currently unavailable)
rCorr   .          Rampage  .   (gloves currently unavailable)
Will    .....      NoTele   +   (boots currently unavailable)
Stlth   ..........              (no amulet)
HPRegen 0.34/turn               (ring currently unavailable)
MPRegen 0.19/turn               (ring currently unavailable)

@: berserking (expiring), pig-form, slowed, very quick
A: fast, no casting, sickness immunity, AC +9, small, negative energy resistance
1, (electricity resistance), torment resistance 1, petrification resistance
a: Renounce Religion, Heroism, Finesse


You were in the Dungeon.
You worshipped Okawaru.
Okawaru was exalted by your worship.
You were a filthy swine.
You visited 1 branch You collected 1939 gold pieces.
You spent 1924 gold pieces at shops.

Inventory:

Hand Weapons
 a - a +2 vorpal morningstar
 m - a +2 morningstar of venom (melded)
 z - a +1 morningstar of freezing
 E - the +9 great mace "Qyaxt" {vorpal, +Blink rF++}
   (You acquired it in the Dungeon)

   It inflicts extra damage upon your enemies.
   rF:        It greatly protects you from fire.
   +Blink:    It lets you blink.
Armour
 b - the +7 chain mail "Pih Xey" {Str+2}
   (Okawaru gifted it to you in the Dungeon)

   Str:       It affects your strength (+2).
 c - a +0 buckler (melded)
 v - the +18 Lear's hauberk (melded)
   (You acquired it in the Dungeon)
 w - a +2 cloak (melded)
Jewellery
 p - a +3 ring of strength (melded)
 q - a ring of willpower
 u - a +4 ring of evasion (melded)
 A - a ring of protection from fire
 B - a ring of protection from fire
 C - a ring of ice
Wands
 l - a wand of acid (2)
Scrolls
 j - 2 scrolls of blinking
 k - 2 scrolls of amnesia
 s - a scroll of fear
 t - 3 scrolls of fog
 x - 5 scrolls of enchant weapon
 y - a scroll of poison
Potions
 d - a potion of invisibility
 e - 3 potions of curing
 f - a potion of mutation
 g - 2 potions of haste
 h - 4 potions of magic
 i - 2 potions of berserk rage
 r - 4 potions of heal wounds
 D - a potion of brilliance


   Skills:
 + Level 17.2 Fighting
 + Level 18.9 Maces & Flails
 + Level 15.7 Armour
 + Level 5.6 Dodging
 + Level 2.2 Stealth
 + Level 12.7 Shields
 * Level 16.0 Invocations
 + Level 2.2 Evocations


You had 12 spell levels left.
You didn't know any spells.
Your spell library was empty.

Dungeon Overview and Level Annotations

Branches:
Dungeon (1/1)

Altars:
Cheibriados
Dithmenos
Elyvilon
Fedhas
Gozag
Hepliaklqana
Kikubaaqudgha
Makhleb
Nemelex Xobeh
Okawaru
Qazlal
Ru
Sif Muna
Trog
Uskayaw
Vehumet
Wu Jian
Xom
Yredelemnul
Zin
The Shining One
Jiyva
Lugonu

Shops:
D [(?(

Annotations:
D Kirke


Innate Abilities, Weirdness & Mutations

You are a filthy swine.
You move quickly.
Your equipment is almost entirely melded.
You are incapable of wielding weapons or throwing items.
You cannot cast spells.
You are immune to sickness and miasma.
((Your stone body is resilient. (AC +9)))
You are immune to poison.
You resist negative energy. (rN+)
((You are resistant to electric shocks. (rElec)))
You are resistant to unholy torment.
You are immune to petrification.


Message History

Unknown command.
Aiming: Corrosive Bolt
Press: ? - help, Shift-Dir - straight line The bolt of acid misses the hog.
The bolt of acid hits the hog!
The hog seems to be corroded for longer.
The hog is heavily wounded.
The bolt of acid hits the hog!
The acid corrodes the hog!
The hog is almost dead.
Something hits you.
Unknown command.
Unknown command.
You bite something!
You hear some strange, mumbled words.
You feel yourself slow down.
You bite something! Something hits you!!
Unknown command.
A red film seems to cover your vision as you go berserk!
You feel yourself moving faster!
You feel mighty! Something hits you! x2
You hit something. You bite something!
You hear some strange, mumbled words.
Something summons a lindwurm!
You bite something! Something hits you!
* * * LOW HITPOINT WARNING * * *
You closely miss something. The lindwurm barely misses you. x2
The lindwurm claws you.
* * * LOW HITPOINT WARNING * * *
You miss something. Something hits you!
* * * LOW HITPOINT WARNING * * *
The lindwurm barely misses you. The lindwurm claws you.
* * * LOW HITPOINT WARNING * * *
The lindwurm claws you!
* * * LOW HITPOINT WARNING * * *
You barely miss something. Something hits you.
* * * LOW HITPOINT WARNING * * *
The lindwurm misses you. The lindwurm closely misses you.
The lindwurm claws you.
* * * LOW HITPOINT WARNING * * *
You maul something!!
Something hits you!
You die...

▓▓▓▓▓▓▓▓▓▓▓▓▓▓▓▓▓▓▓▓▓▓♣♣
...hhh{hk...............
▓▓▓▓▓▓▓▓▓▓▓▓▓▓▓▓▓▓▓▓▓▓▓▓▓▓▓▓▓▓▓▓▓
.....'...)[)))))))).[)[[[[[).....
▓▓▓▓▓▓▓▓▓▓▓▓▓▓▓▓▓▓▓▓▓▓▓▓▓▓▓▓▓▓▓▓▓
......†...)......................
▓▓▓▓▓▓▓▓▓▓▓▓▓▓▓▓▓▓▓▓▓▓▓▓▓▓▓▓▓▓▓▓▓
....)...)))))))).)))...)).)).....
▓▓▓▓▓▓▓▓▓▓▓▓▓▓▓▓▓▓▓▓▓▓▓▓▓▓▓▓▓▓▓▓▓
.................................


You could see a lindwurm (summoned) and 3 hogs.

Vanquished Creatures
  A fire giant (D)
  2 stone giants (D)
  Azrael (D)
  A fire dragon (D)
  An ettin (D)
  A rakshasa (D)
  5 ogre magi (D)
  A hydra (D)
  5 two-headed ogres (D)
  2 centaur warriors (D)
  A vampire mage (D)
  A skeletal warrior (D)
  A wizard (D)
  4 orc knights (D)
  A deep elf pyromancer (D)
  A manticore (D)
  A black mamba (D)
  Psyche (D)
  2 rime drakes (D)
  2 cane toads (D)
  A komodo dragon (D)
  A troll (shapeshifter) (D)
  A polar bear (shapeshifter) (D)
  3 trolls (D)
  A blink frog (D)
  2 wyverns (D)
  4 yaks (D)
  A wraith (D)
  2 hogs (D)
  2 basilisks (D)
  3 fire elementals (D)
  A vampire mosquito (D)
  2 wargs (D)
  An acid dragon (D)
  2 water moccasins (D)
  4 hell hounds (D)
  10 orc warriors (D)
  An ice beast (D)
  5 wolves (D)
  4 ogres (D)
  A centaur (D)
  A bullfrog (D)
  A scorpion (D)
  A gnoll bouda (D)
  4 orc priests (D)
  4 orc wizards (D)
  A worm (D)
  4 orcs (D)
  An endoplasm (D)
  A goblin (D)
  A kobold (D)
  A quokka (D)
  A rat (D)
108 creatures vanquished.

Vanquished Creatures (others)
  2 orc wizards (D)
2 creatures vanquished.

Grand Total: 110 creatures vanquished

Notes
Turn   | Place    | Note
-------+----------+-------------------------------------------
     0 | D        | mhtbhm the Gargoyle Fighter began the quest for the Orb.
     0 | D        | Reached XP level 1. HP: 14/14 MP: 1/1
   184 | D        | Noticed a scorpion
   184 | D        | Noticed an orc wizard
   184 | D        | Noticed an ice beast
   187 | D        | Killed a scorpion
   188 | D        | Reached skill level 5 in Fighting
   188 | D        | Reached skill level 3 in Maces & Flails
   188 | D        | Reached skill level 5 in Armour
   188 | D        | Reached skill level 5 in Shields
   188 | D        | Reached XP level 2. HP: 16/21 MP: 2/2
   188 | D        | Reached XP level 3. HP: 20/26 MP: 3/3
   188 | D        | Reached XP level 4. HP: 23/31 MP: 4/4
   204 | D        | Reached skill level 4 in Maces & Flails
   213 | D        | Killed an ice beast
   214 | D        | Reached skill level 5 in Maces & Flails
   214 | D        | Reached XP level 5. HP: 21/38 MP: 5/5
   358 | D        | Found a snail-covered altar of Cheibriados.
   358 | D        | Found a shadowy altar of Dithmenos.
   358 | D        | Found a white marble altar of Elyvilon.
   358 | D        | Found a blossoming altar of Fedhas.
   358 | D        | Found an opulent altar of Gozag.
   359 | D        | Found a hazy altar of Hepliaklqana.
   360 | D        | Found a viscous altar of Jiyva.
   361 | D        | Found an ancient bone altar of Kikubaaqudgha.
   362 | D        | Found a corrupted altar of Lugonu.
   363 | D        | Found a burning altar of Makhleb.
   364 | D        | Found a sparkling altar of Nemelex Xobeh.
   365 | D        | Found an iron altar of Okawaru.
   366 | D        | Found a stormy altar of Qazlal.
   367 | D        | Found a sacrificial altar of Ru.
   368 | D        | Found a shimmering blue altar of Sif Muna.
   369 | D        | Found a bloodstained altar of Trog.
   370 | D        | Found a hide-covered altar of Uskayaw.
   371 | D        | Found a radiant altar of Vehumet.
   372 | D        | Found an ornate altar of the Wu Jian Council.
   373 | D        | Became a worshipper of Warmaster Okawaru
   374 | D        | Found a shimmering altar of Xom.
   375 | D        | Found a basalt altar of Yredelemnul.
   376 | D        | Found a glowing silver altar of Zin.
   377 | D        | Found a glowing golden altar of the Shining One.
   422 | D        | Noticed an acid dragon
   422 | D        | Noticed a troll
   422 | D        | Noticed a centaur
   422 | D        | Noticed a troll
   422 | D        | Noticed a yak
   729 | D        | Killed an acid dragon
   730 | D        | Reached skill level 6 in Maces & Flails
   730 | D        | Reached XP level 6. HP: 34/44 MP: 5/8
   733 | D        | Killed a troll
   733 | D        | Reached * piety under Okawaru
   734 | D        | Reached skill level 7 in Maces & Flails
   734 | D        | Reached XP level 7. HP: 25/50 MP: 5/10
   737 | D        | Reached skill level 8 in Maces & Flails
   751 | D        | Killed a troll
   752 | D        | Reached skill level 9 in Maces & Flails
   752 | D        | Reached skill level 1 in Stealth
   752 | D        | Reached skill level 5 in Invocations
   755 | D        | Killed a yak
   755 | D        | Reached ** piety under Okawaru
   756 | D        | Reached skill level 10 in Armour
   756 | D        | Reached XP level 8. HP: 35/56 MP: 8/12
   921 | D        | Noticed a wraith
   921 | D        | Noticed a polar bear
   921 | D        | Noticed a centaur warrior
   921 | D        | Noticed a troll
   921 | D        | Noticed a culicivora
   930 | D        | Killed a wraith
   930 | D        | Noticed a troll
   930 | D        | a culicivora changed into a troll
   931 | D        | Reached skill level 1 in Dodging
   947 | D        | Killed a polar bear
   948 | D        | Reached skill level 10 in Maces & Flails
   956 | D        | Killed a centaur warrior
   956 | D        | Reached *** piety under Okawaru
   957 | D        | Reached XP level 9. HP: 27/62 MP: 13/15
   962 | D        | Killed a troll
   963 | D        | Reached skill level 10 in Fighting
   963 | D        | Reached skill level 11 in Maces & Flails
   966 | D        | Killed a troll
  1283 | D        | Noticed a rime drake
  1301 | D        | Reached **** piety under Okawaru
  1303 | D        | Killed a rime drake
  1307 | D        | Reached skill level 10 in Shields
  1310 | D        | Reached skill level 12 in Maces & Flails
  1312 | D        | Noticed a cane toad
  1314 | D        | Reached XP level 10. HP: 65/68 MP: 17/17
  1319 | D        | Killed a cane toad
  1329 | D        | Reached skill level 10 in Invocations
  1450 | D        | Noticed a black mamba
  1453 | D        | Noticed a four-headed hydra
  1458 | D        | Noticed a cane toad
  1465 | D        | Killed a black mamba
  1465 | D        | Reached ***** piety under Okawaru
  1471 | D        | Reached skill level 13 in Maces & Flails
  1479 | D        | Killed a four-headed hydra
  1490 | D        | Identified the +7 chain mail "Pih Xey" {Str+2} (Okawaru
                  | gifted it to you in the Dungeon)
  1490 | D        | Received a gift from Okawaru
  1498 | D        | Killed a cane toad
  1499 | D        | Reached skill level 14 in Maces & Flails
  1715 | D        | Reached XP level 11. HP: 69/76 MP: 19/19
  1873 | D        | Noticed an orc knight
  1890 | D        | Killed an orc knight
  1891 | D        | Reached skill level 15 in Maces & Flails
  2061 | D        | Noticed an orc knight
  2068 | D        | Noticed an orc knight
  2075 | D        | Killed an orc knight
  2201 | D        | HP: 1/76 [orc warrior/+0 halberd (7)]
  2203 | D        | Killed an orc knight
  2952 | D        | Found Urick's Antique Armour Emporium.
  2952 | D        | Noticed a two-headed ogre
  2952 | D        | Noticed a two-headed ogre
  2952 | D        | Noticed an ogre mage
  2956 | D        | Killed a two-headed ogre
  2957 | D        | Reached skill level 16 in Maces & Flails
  2957 | D        | Noticed a two-headed ogre
  2963 | D        | Killed a two-headed ogre
  2968 | D        | Killed an ogre mage
  2969 | D        | Found Wamuddemp's Weapon Shoppe.
  2975 | D        | Killed a two-headed ogre
  2975 | D        | Reached ****** piety under Okawaru
  2985 | D        | Found Suizao's Magic Scroll Emporium.
  3112 | D        | Noticed a two-headed ogre
  3113 | D        | Found Ikyt's Weapon Shoppe.
  3113 | D        | Noticed an ogre mage
  3114 | D        | Noticed an ogre mage
  3123 | D        | Killed a two-headed ogre
  3123 | D        | Received a gift from Okawaru
  3125 | D        | Noticed an ogre mage
  3130 | D        | Killed an ogre mage
  3131 | D        | Reached XP level 12. HP: 54/85 MP: 22/22
  3134 | D        | Noticed a two-headed ogre
  3140 | D        | Killed an ogre mage
  3145 | D        | Killed an ogre mage
  3146 | D        | Reached skill level 17 in Maces & Flails
  3150 | D        | Killed a two-headed ogre
  3151 | D        | Reached skill level 5 in Dodging
  3370 | D        | Bought an embroidered cloak for 165 gold pieces
  3389 | D        | Bought 2 scrolls of acquirement for 1456 gold pieces
  3389 | D        | Bought a scroll of enchant weapon for 105 gold pieces
  3389 | D        | Bought a scroll of poison for 56 gold pieces
  3391 | D        | Bought a +1 morningstar of freezing for 142 gold pieces
  3416 | D        | Noticed Psyche
  3425 | D        | Killed Psyche
  3564 | D        | Acquired the +9 great mace "Qyaxt" {vorpal, +Blink rF++}
  3568 | D        | Acquired the +18 Lear's hauberk
  3568 | D        | Found the +18 Lear's hauberk
  3598 | D        | Noticed an ogre mage
  3598 | D        | Noticed a centaur warrior
  3603 | D        | Paralysed by an ogre mage for 2 turns
  3606 | D        | Noticed a stone giant
  3610 | D        | Killed an ogre mage
  3611 | D        | Reached skill level 15 in Fighting
  3611 | D        | Noticed a fire giant
  3617 | D        | Killed a centaur warrior
  3629 | D        | Killed a stone giant
  3630 | D        | Noticed a fire dragon
  3649 | D        | Killed a fire giant
  3650 | D        | Reached skill level 15 in Armour
  3957 | D        | Reached skill level 18 in Maces & Flails
  3972 | D        | Reached skill level 15 in Invocations
  3972 | D        | Reached skill level 1 in Evocations
  4061 | D        | Killed a fire dragon
  4061 | D        | Received a gift from Okawaru
  4122 | D        | Noticed a rakshasa
  4140 | D        | Killed a rakshasa
  4141 | D        | Noticed a vampire mage
  4175 | D        | Killed a vampire mage
  4306 | D        | Noticed a stone giant
  4308 | D        | Noticed an ettin
  4320 | D        | Killed a stone giant
  4321 | D        | Reached XP level 13. HP: 83/95 MP: 24/24
  4330 | D        | Killed an ettin
  4554 | D        | Noticed Azrael
  4580 | D        | Killed Azrael
  4791 | D        | Noticed Kirke
  4810 | D        | HP: 7/144 [something (5)]
  4810 | D        | HP: 2/144 [lindwurm[Kirke] (5)]
  4811 | D        | Demolished by Kirke

Illustrated notes

Levels and vault maps discovered:
D:        linesprint [early_d, line_temple, items_1, d_10, items_2, lair_1,
          lair_end, items_3, orc_1, orc_end, items_4, d_15, swamp_1, shoals_1,
          snake_1, spider_1, d_20, vaults_1, items_5, swamp_end, shoals_end,
          snake_end, spider_end, vaults_end, d_27, items_6, zot_1, zot_end,
          crypt_end, forest_end, elf_end, slime_end, tomb_end, abyss_end,
          pan_hell_end]

Skill      XL: |  1  2  3  4  5  6  7  8  9 10 11 12 13 |
---------------+----------------------------------------+-----
Fighting       | 5 7 8 9 10 12 14 16 17 | 17.2
Maces & Flails | 3 5 6 7 9 10 12 14 16 18 | 18.9
Armour         | 5 7 8 10 11 12 13 14 15 | 15.7
Shields        | 5 6 7 8 9 10 11 12 | 12.7
Invocations    | 2 4 6 8 9 11 13 15 16 | 16.0
Stealth        | 1 2 |  2.2
Dodging        | 2 3 4 5 |  5.6
Evocations     | 1 2 |  2.2

Action                   |  1- 3 |  4- 6 |  7- 9 | 10-12 | 13-15 || total
-------------------------+-------+-------+-------+-------+-------++-------
Melee: Flail             |    15 |    17 |       |       |       ||    32
       Morningstar       |       |    11 |    91 |   376 |    45 ||   523
       Unarmed           |       |       |       |       |     9 ||     9
Evoke: Wand              |       |       |     1 |     5 |     2 ||     8
  Use: Potion            |     1 |     1 |     4 |     2 |     3 ||    11
       Scroll            |       |       |       |     6 |       ||     6
Armor: Scale mail        |     4 |    22 |    55 |       |       ||    81
       Plate armour      |       |       |    12 |    37 |       ||    49
       Chain mail        |       |       |       |   114 |    13 ||   127
Dodge: Dodged            |     5 |    10 |    56 |    85 |    25 ||   181
Block: Buckler           |     2 |     6 |    29 |    60 |     8 ||   105

Table legend: (Time is in decaauts)
 A = Elapsed time spent in this place.
 B = Non-inter-level travel time spent in this place.
 C = Inter-level travel time spent in this place.
 D = Time resting spent in this place.
 E = Time spent auto-exploring this place.
 F = Levels seen in this place.
 G = Mean time per level.
                   A        B        C        D        E       F      G
               +--------+--------+--------+--------+--------+-----+--------+
         Total |   4721 |   4721 |      0 |   1949 |   1313 |   1 | 4721.0 |
       Dungeon |   4721 |   4721 |      0 |   1949 |   1313 |   1 | 4721.0 |
               +--------+--------+--------+--------+--------+-----+--------+

Top non-repeatable levels by time:
       D: 4721 daAuts
